 Dungeon Crawl Stone Soup version 0.28-a0-803-g74956062c1 (webtiles) character file.

Game seed: 9934594470078770934

86 Majang the Conjurer (level 4, -8/24 HPs)
             Began as a Deep Elf Conjurer on Nov 7, 2021.
             Shot with an arrow by a centaur (11 damage)
             ... on level 3 of the Dungeon.
             The game lasted 00:10:15 (2908 turns).

Majang the Conjurer (Deep Elf Conjurer)             Turns: 2908, Time: 00:10:15

Health: -8/24      AC:  2    Str:  4    XL:     4   Next: 27%
Magic:  12/12      EV: 12    Int: 24    God:
Gold:   43         SH:  0    Dex: 13    Spells: 4/11 levels left

rFire   . . .      SeeInvis .   k - +0 whip
rCold   . . .      Faith    .   (no shield)
rNeg    . . .      Spirit   .   a - +0 robe
rPois   .          Reflect  .   (no helmet)
rElec   .          Harm     .   (no cloak)
rCorr   .          Rampage  .   (no gloves)
Will    .....                   (no boots)
Stlth   ++........              (no amulet)
HPRegen 0.08/turn               (no ring)
MPRegen 0.13/turn               (no ring)

@: no status effects
A: no striking features
a: no special abilities


You were on level 3 of the Dungeon.
You visited 1 branch of the dungeon, and saw 3 of its levels.

You collected 85 gold pieces.
You spent 42 gold pieces at shops.

Inventory:

Hand Weapons
 k - a +0 whip (weapon)
Missiles
 h - 26 stones
Armour
 a - a +0 robe (worn)
Jewellery
 c - a +6 ring of dexterity
 m - an amulet of the acrobat
Scrolls
 b - 3 scrolls of teleportation {unknown}
 g - 2 scrolls of identify {unknown}
 j - a scroll of acquirement {unknown}
 o - a scroll of enchant weapon {unknown}
Potions
 d - a potion of berserk rage {unknown}
 e - 2 potions of curing
 f - a potion of haste {unknown}
 i - a potion of flight {unknown}
 l - a potion of heal wounds {unknown}
 n - a potion of degeneration {unknown}
 p - 2 potions of mutation {unknown}


   Skills:
 + Level 0.0 Fighting
 + Level 0.0 Staves
 + Level 2.5 Dodging
 - Level 2.4 Stealth
 + Level 4.2 Spellcasting
 + Level 5.0 Conjurations
 + Level 1.5 Fire Magic
 + Level 1.6 Earth Magic
 + Level 0.0 Evocations


You had 4 spell levels left.
You knew the following spells:

 Your Spells              Type           Power      Damage    Failure   Level
a - Magic Dart            Conj           100%       1d8       1%          1
b - Iskenderun's Mystic   Conj/Tloc      17%        2d5       32%         4
r - Searing Ray           Conj           58%        2d6       1%          2

Your spell library contained the following spells:

 Spells                   Type           Power      Damage    Failure   Level
 Sandblast                Erth           24%        2d8       4%          1
 Stone Arrow              Conj/Erth      42%        3d9       8%          3
 Beastly Appendage        Tmut           10%        N/A       10%         1
 Dazzling Flash           Conj/Hex       34%        N/A       10%         3
 Passwall                 Tmut/Erth      6%         N/A       11%         2
 Ensorcelled Hibernation  Hex/Ice        10%        N/A       14%         2
 Gell's Gravitas          Tloc           5%         N/A       28%         3
 Spider Form              Tmut/Pois      5%         N/A       28%         3
 Swiftness                Air            5%         N/A       28%         3
 Teleport Other           Tloc           5%         N/A       28%         3
 Tukima's Dance           Hex            5%         N/A       28%         3
 Fulminant Prism          Conj/Hex       8%         3d7       32%         4
 Passage of Golubria      Tloc           5%         N/A       67%         4
 Yara's Violent Unravell  Hex/Tmut       2%         3d3       95%         5
 Dispersal                Tloc           2%         N/A       100%        6
 Invisibility             Hex            2%         N/A       100%        6


Dungeon Overview and Level Annotations

Branches:
Dungeon (3/15)

Altars:
Okawaru
Sif Muna
Vehumet
Wu Jian
Xom

Shops:
D:3 !

Annotations:
D:3 exclusion: statue


Message History

Things that are here:
a ball python corpse; an adder corpse
Found 15 bolts.
Found a hand axe.
Found an escape hatch in the floor.
There is an escape hatch in the floor here.
Found 23 arrows and 12 bolts.
n - a fuming inky potion You see here 23 arrows.
You see here 12 bolts.
You see here 23 arrows.
There is an escape hatch in the floor here.
A bat comes into view.
Casting: Magic Dart (safe; 1% risk of failure)
Confirm with . or Enter, or press ? or * to list all spells.
Aiming: Magic Dart (safe; 1% risk of failure)
Press: ? - help, Shift-Dir - straight line, f - bat
Aim: a bat (asleep, 100% to hit)
The magic dart hits the bat!
You kill the bat!
o - a scroll labelled OSHYAP ZOSMIE You now have 43 gold pieces (gained 14).
Found a stone staircase leading up.
Found a shimmering altar of Xom.
p - 2 puce potions A frost-covered statue comes into view.
Found a radiant altar of Vehumet.
Marking area around a statue as unsafe for travelling.
A centaur comes into view.
The centaur shouts!
The centaur wields a +0 shortbow.
The centaur shoots an arrow.
The arrow hits you!
The frost-covered statue gestures at you.
The puff of frost misses you.
The centaur shoots an arrow.
The arrow hits you.
The centaur shoots an arrow.
The arrow hits you!
* * * LOW HITPOINT WARNING * * *
You see here a scroll labelled YFEKOUK VAOLOU.
The centaur shoots an arrow.
The arrow hits you!
You die...

##.........#...#.....#.##..#
.#
##....†..#.#...#.....#.##..#
..
.........#.#...#............
##.....###(##.##.............
...###.# #............###.##
##.# #.# #..##c#......# # #†#
#.# #.###....##..## #..
..#c.......?........_.. #.#
###########@.##..##$..# #..#
#..##..# .## .... #..##..# #
≈≈ #....... ≈≈ #.......
≈≈≈≈≈. #.#.#####
≈≈≈≈≈..####### #.#.#
.......#.....# #.#.#
.≈≈≈≈..#....[###.#.#########


You could see a centaur.

Vanquished Creatures
  4 adders
  A white imp (D:3)
  A worm (D:2)
  4 ball pythons
  9 bats
  2 endoplasms (D:3)
  2 giant cockroaches
  3 goblins
  2 hobgoblins (D:2)
  6 kobolds
  A quokka (D:1)
  4 frilled lizards
  4 rats
43 creatures vanquished.

Vanquished Creatures (others)
  3 fungi (D:2)
  A plant (D:2)
4 creatures vanquished.

Grand Total: 47 creatures vanquished

Notes
Turn   | Place    | Note
-------+----------+-------------------------------------------
     0 | D:1      | Majang the Deep Elf Conjurer began the quest for the Orb.
     0 | D:1      | Reached XP level 1. HP: 10/10 MP: 6/6
   401 | D:1      | Reached XP level 2. HP: 15/15 MP: 6/8
   609 | D:1      | Learned a level 2 spell: Searing Ray
  1397 | D:2      | Found a faded altar of an unknown god.
  1400 | D:2      | Got Plato's Almanac of Transmigration
  1723 | D:2      | Reached skill level 1 in Fire Magic
  1723 | D:2      | Reached skill level 1 in Earth Magic
  1723 | D:2      | Reached XP level 3. HP: 19/19 MP: 0/10
  2200 | D:3      | Reached skill level 5 in Conjurations
  2383 | D:3      | Found an ornate altar of the Wu Jian Council.
  2383 | D:3      | Found a shimmering blue altar of Sif Muna.
  2383 | D:3      | Found an iron altar of Okawaru.
  2387 | D:3      | Reached XP level 4. HP: 24/24 MP: 8/12
  2392 | D:3      | Learned a level 4 spell: Iskenderun's Mystic Blast
  2543 | D:3      | Found Fuvom's Distillery.
  2548 | D:3      | Bought a potion of curing for 42 gold pieces
  2894 | D:3      | Found a shimmering altar of Xom.
  2901 | D:3      | Found a radiant altar of Vehumet.
  2901 | D:3      | Noticed a frost-covered statue
  2902 | D:3      | Noticed a centaur
  2908 | D:3      | Shot with an arrow by a centaur

Illustrated notes

Levels and vault maps discovered:
D:1:      minmay_arrival_five_plusses, layout_loops_corners,
          chequers_serial_rivers_large_a, chequers_avenue
D:2:      layout_loops_cross, shapermc_ecumenical_altar_rom_forum,
          ebering_dispersal_statue_hall, minmay_close_crescents
D:3:      layout_basic, nicolae_overflow_crystal_walls, vehumet_statue,
          gammafunk_temple_overflow_claw, serial_shops, nicolae_shop_stone,
          minivault_14

Skill      XL: |  1  2  3 |
---------------+----------+-----
Fire Magic     | 1 |  1.5
Earth Magic    | 1 |  1.6
Spellcasting   | 4 |  4.2
Conjurations   | 5 |  5.0
Dodging        | |  2.5
Stealth        | |  2.4

Action                   |  1- 3 |  4- 6 || total
-------------------------+-------+-------++-------
Melee: Whip              |    22 |     2 ||    24
 Cast: Magic Dart        |    56 |    13 ||    69
       Searing Ray       |     3 |       ||     3
Armor: Robe              |    10 |     1 ||    11
Dodge: Dodged            |    30 |     3 ||    33

Table legend: (Time is in decaauts)
 A = Elapsed time spent in this place.
 B = Non-inter-level travel time spent in this place.
 C = Inter-level travel time spent in this place.
 D = Time resting spent in this place.
 E = Time spent auto-exploring this place.
 F = Levels seen in this place.
 G = Mean time per level.
                   A        B        C        D        E       F      G
               +--------+--------+--------+--------+--------+-----+--------+
         Total |   2917 |   2849 |     68 |    568 |   2029 |   3 |  972.3 |
       Dungeon |   2917 |   2849 |     68 |    568 |   2029 |   3 |  972.3 |
               +--------+--------+--------+--------+--------+-----+--------+

Top non-repeatable levels by time:
     D:1: 1155 daAuts
     D:2: 1001 daAuts
     D:3: 760 daAuts
